 Dungeon Sprint DCSS version 0.17-a0-1655-g88a8506 (webtiles) character file.

620484 Kidiri the Invulnerable (level 23, -31/175 HPs)
             Began as a Gargoyle Fighter on Aug 15, 2015.
             Was the Champion of the Shining One.
             Killed from afar by Lom Lobon (49 damage)
             ... with a great icy blast
             ... in the Dungeon (Sprint IX: "|||||||||||||||||||||||||||||").
             The game lasted 01:19:02 (15931 turns).

Kidiri the Invulnerable (Gargoyle Fighter)         Turns: 15931, Time: 01:19:02

Health: -31/175    AC: 74    Str: 35      XL:     23   Next: 19%
Magic:  29/42      EV: 19    Int: 13      God:    the Shining One [******]
Gold:   1521       SH: 49    Dex:  7 (8)  Spells: 0 memorised, 52 levels left

rFire  + . .     SeeInvis +     b - +1 eveningstar "Brilliance" {holy, rN+ AC+5 Int+5}
rCold  + . .     Clarity  .     q - +1 crystal plate armour
rNeg   + + +     SustAt   .     O - +5 large shield
rPois  ∞         Gourm    .     y - +2 helmet
rElec  +         Spirit   .     C - +1 cloak "Soigirchu" {Str+3 Dex-3 SInv}
rCorr  .         Warding  .     G - +1 pair of gloves {Str+3}
rMut   .         NoTele   +     J - +2 pair of boots {run}
MR     ++...                    u - amulet of regeneration
Stlth  +.........               I - +4 ring of evasion
                                L - +4 ring of protection

@: divine shield, frozen, glowing, very slow, very resistant to hostile
enchantments, very unstealthy
A: big wings, thin skeletal structure 1, blink 1, blurry vision 2, cold
resistance 1, deterioration 1, dopey 1, fire resistance 1, magic resistance 1,
negative energy resistance 1, sense surroundings 1, screaming 1, shaggy fur 1,
electricity resistance, spit poison 1, wild magic 1, unbreathing, petrification
resistance, rot immunity, AC +17
a: Spit Poison, Fly, Blink, Divine Shield, Cleansing Flame, Summon Divine
Warrior, Renounce Religion
}: 11/15 runes: decaying, serpentine, barnacled, slimy, elven, silver, golden,
bone, abyssal, dark, gossamer


You were in the Dungeon.
You worshipped the Shining One.
The Shining One was exalted by your worship.
You were not hungry.

You visited 1 branch You collected 1926 gold pieces.
You spent 405 gold pieces at shops.

Inventory:

Hand weapons
 b - the +1 eveningstar "Brilliance" (weapon) {holy, rN+ AC+5 Int+5}
   (Okawaru gifted it to you in the Dungeon)

   It has been blessed by the Shining One to cause great damage to the undead
   and demons.
   It affects your AC (+5).
   It affects your intelligence (+5).
   It protects you from negative energy.
Missiles
 a - 91 javelins
 t - 7 steel javelins (quivered)
Armour
 q - a +1 crystal plate armour (worn)
 y - a +2 helmet (worn)
 C - the +1 cloak "Soigirchu" (worn) {Str+3 Dex-3 SInv}
   (You bought it in a shop in the Dungeon)

   It affects your strength (+3).
   It affects your dexterity (-3).
   It lets you see invisible.
 G - a +1 pair of gloves of strength (worn)
 J - a +2 pair of boots of running (worn)
 O - a +5 large shield (worn)
Jewellery
 s - the amulet "Rycaej" {Spirit Int+4}
   (You found it in the Dungeon)

   [amulet of guardian spirit]

   It causes incoming damage to be split between your health and magic.
   It affects your intelligence (+4).
 u - an amulet of regeneration (around neck)
 B - the ring of Pride {Ice rPois MR+ Dex-3}
   (You found it in the Dungeon)

   [ring of ice]

   It enhances your ice magic, and weakens your fire magic.
   It affects your dexterity (-3).
   It makes you vulnerable to fire.
   It protects you from cold.
   It protects you from poison.
   It affects your resistance to hostile enchantments.
 D - the ring "Busumoash" {rElec Dex+3 SInv}
   (You found it in the Dungeon)

   [ring of dexterity]

   It affects your dexterity (+3).
   It insulates you from electricity.
   It lets you see invisible.
 F - the ring of Lojohak {Wiz rN+ MP-9 SInv}
   (You found it in the Dungeon)

   [ring of wizardry]

   It improves your spell success rate.
   It protects you from negative energy.
   It affects your magic capacity (-9).
   It lets you see invisible.
 I - a +4 ring of evasion (right hand)
 L - a +4 ring of protection (left hand)
 N - the ring "Izebipn" {rPois rF++}
   (You found it in the Dungeon)

   [ring of poison resistance]

   It greatly protects you from fire.
   It protects you from poison.
Magical devices
 l - a wand of teleportation (1)
 A - a wand of enslavement (6)
 R - a wand of hasting (5)
Scrolls
 k - 3 scrolls of blinking
 m - 7 scrolls of remove curse
 n - 4 scrolls of amnesia
 v - 4 scrolls of fog
 w - 2 scrolls of recharging
 H - 2 scrolls of fear
 K - 6 scrolls of enchant weapon
Potions
 c - a potion of cure mutation
 d - 2 potions of might
 f - 5 potions of curing
 h - 5 potions of haste
 i - 4 potions of magic
 o - a potion of cancellation {unknown}
 p - a potion of resistance
 r - 4 potions of brilliance
 E - a potion of lignification
Comestibles
 e - 4 bread rations
 j - 6 chunks of flesh
 x - 40 fruits
 z - 13 meat rations


   Skills:
 O Level 27 Fighting
 O Level 27 Maces & Flails
 O Level 27 Throwing
 O Level 27 Armour
 O Level 27 Dodging
 O Level 27 Stealth
 O Level 27 Shields
 + Level 16.2 Unarmed Combat
 + Level 15.0 Spellcasting
 O Level 27 Invocations
 O Level 27 Evocations


You had 52 spell levels left.
You didn't know any spells.

Dungeon Overview and Level Annotations

Branches:
Dungeon (1/1)

Altars:
Cheibriados
Dithmenos
Elyvilon
Fedhas
Gozag
Kikubaaqudgha
Makhleb
Nemelex Xobeh
Okawaru
Qazlal
Ru
Sif Muna
Trog
Vehumet
Xom
Yredelemnul
Zin
The Shining One
Beogh
Jiyva
Lugonu

Shops:
D [%}=

Annotations:
D Cerebov, Lom Lobon


Innate Abilities, Weirdness & Mutations

You are resistant to torment.
Your stone body is resilient (AC +17).
You are immune to poison.
Your large and strong wings let you fly indefinitely.
You resist negative energy.
You are resistant to electric shocks.
You can survive without breathing.
You are immune to petrification.
You are immune to rotting.
You have a somewhat thin skeletal structure (Dex +2, Stealth).
You can translocate small distances at will.
Scrolls take you longer to read.
Your flesh is cold resistant.
Your body sometimes deteriorates upon taking damage.
You are dopey. (Int -2)
Your flesh is heat resistant.
You are resistant to hostile enchantments.
You passively map a small area around you.
You occasionally shout uncontrollably at your foes.
You are covered in fur (AC +1).
You can spit weak poison.
Your spells are a little harder to cast, but a little more powerful.


Message History

Read which item? (? for menu, Esc to quit)
Really read with blurry vision while enemies are nearby?
You are engulfed in freezing vapours.
You resist. Cerebov gestures at you.
A raging storm of fire appears!
The great blast of fire engulfs you!
You hear a sizzling sound! x5
The great blast of fire engulfs the Ice Fiend.
The Ice Fiend is burned terribly!
You hear a sizzling sound!
Lom Lobon blinks!
The Ice Fiend gestures at you.
The bolt of cold hits Lom Lobon.
Lom Lobon completely resists.
The bolt of cold hits you!
Something shouts, "Thy skull shall be my repast!"
You begin reading the scroll.
You continue reading the scroll.
Cerebov is engulfed in freezing vapours.
Lom Lobon gestures at you.
Lom Lobon conjures a mighty blast of ice!
The great icy blast engulfs you! You partially resist.
You die...

...'...................'....)..))
▓▓▓▓▓▓▓▓▓▓▓▓▓▓▓▓▓▓▓▓▓▓▓▓▓▓▓▓▓▓▓▓▓
.................................
▓▓▓▓▓▓▓▓▓▓▓▓▓▓▓▓▓▓▓▓▓▓▓▓▓▓▓▓▓▓▓▓▓
....'.÷.........'.........'......
▓▓▓▓▓▓▓▓▓▓▓▓▓▓▓▓▓▓▓▓▓▓▓▓▓▓▓▓▓▓▓▓▓
.................................
▓▓▓▓▓▓▓▓▓▓▓▓▓▓▓▓▓▓▓▓▓▓▓▓▓▓▓▓▓▓▓▓▓
, .φ..φ.&1&§@...§}'.......... *
***▓▓▓▓▓▓▓▓▓▓▓▓▓▓▓▓▓▓▓▓▓▓▓▓▓▓▓


You could see Cerebov, Lom Lobon and an Ice Fiend.

Vanquished Creatures
  Antaeus (D)
  the royal jelly (D)
  Ereshkigal (D)
  Gloorx Vloq (D)
  7 ancient liches (D)
  Dispater (D)
  4 orbs of fire (D)
  Mennas (D)
  7 greater mummies (D)
  Boris (D)
  Frederick (D)
  Margery (D)
  Norris (D)
  A Killer Klown (D)
  Geryon (D)
  3 golden dragons (D)
  Nikola (D)
  Jory (D)
  A bone dragon (D)
  Xtahua (D)
  5 electric golems (D)
  A tentacled monstrosity (D)
  2 liches (D)
  28 Orb Guardians (D)
  6 deep elf blademasters (D)
  2 quicksilver dragons (D)
  9 acid blobs (D)
  A deep elf master archer (D)
  Gastronok (D)
  13 sphinxes (D)
  A tengu reaver (D)
  3 storm dragons (D)
  5 greater nagas (D)
  A draconian monk (D)
  6 shadow dragons (D)
  8 azure jellies (D)
  4 fire giants (D)
  Ilsuiw (D)
  2 draconian knights (D)
  3 deep elf sorcerers (D)
  2 frost giants (D)
  7 emperor scorpions (D)
  2 orc warlords (D)
  Louise (D)
  A vault warden (D)
  2 draconian scorchers (D)
  2 draconian zealots (D)
  A ghost moth (D)
  2 draconian shifters (D)
  2 draconian annihilators (D)
  A draconian caller (D)
  5 ironheart preservers (D)
  A stone giant (D)
  2 deep elf demonologists (D)
  A green draconian (D)
  2 black draconians (D)
  3 deep elf annihilators (D)
  2 red draconians (D)
  3 purple draconians (D)
  6 vampire knights (D)
  8 mottled draconians (D)
  4 white draconians (D)
  3 ettins (D)
  6 merfolk javelineers (D)
  6 death oozes (D)
  5 merfolk impalers (D)
  7 fire dragons (D)
  A minotaur (D)
  3 mummy priests (D)
  Josephine (D)
  A deep elf high priest (D)
  25 vault guards (D)
  2 great orbs of eyes (D)
  6 hydras (D)
  3 yaktaur captains (D)
  2 centaur warriors (D)
  A naga warrior (D)
  5 ice dragons (D)
  An ogre mage (D)
  2 merfolk aquamancers (D)
  A merfolk avatar (D)
  An anaconda (D)
  An alligator (D)
  An entropy weaver (D)
  2 deep troll shamans (D)
  2 orc high priests (D)
  A vampire mage (D)
  A naga sharpshooter (D)
  Urug (D)
  A shock serpent (D)
  3 hell knights (D)
  A fire crab (D)
  A salamander mystic (D)
  7 swamp dragons (D)
  A hill giant (D)
  A wizard (D)
  An orb spider (shapeshifter) (D)
  11 orc knights (D)
  2 ironbrand convokers (D)
  A lindwurm (shapeshifter) (D)
  2 necromancers (D)
  A mana viper (D)
  An orc sorcerer (D)
  A salamander (D)
  A harpy (D)
  An ugly thing (D)
  A hornet (shapeshifter) (D)
  6 moths of wrath (D)
  A manticore (D)
  5 wolf spiders (D)
  2 griffons (D)
  2 vault sentinels (D)
  A hornet (D)
  2 black mambas (D)
  2 guardian serpents (D)
  An octopode (shapeshifter) (D)
  Joseph (D)
  An orange demon (D)
  4 spiny frogs (D)
  4 naga magi (D)
  A gargoyle (D)
  A komodo dragon (D)
  3 demonic crawlers (D)
  3 yaktaurs (D)
  18 guardian mummies (D)
  A wandering mushroom (D)
  A deep elf priest (D)
  A fire drake (D)
  A freezing wraith (D)
  A troll (D)
  2 jumping spiders (D)
  A polar bear (D)
  A two-headed ogre (shapeshifter) (D)
  A raiju (D)
  2 giant leeches (D)
  2 blink frogs (D)
  A bog body (D)
  4 merfolk (D)
  2 two-headed ogres (D)
  2 slime creatures (D)
  2 boulder beetles (D)
  A snapping turtle (D)
  2 yaks (D)
  11 spriggans (D)
  6 wraiths (D)
  A redback (D)
  A trapdoor spider (D)
  A deep elf fighter (D)
  A ynoxinul (D)
  A hog (shapeshifter) (D)
  3 vampire mosquitoes (D)
  A basilisk (D)
  2 hippogriffs (D)
  3 golden eyes (D)
  A chaos spawn (D)
  A neqoxec (D)
  A naga (D)
  2 mottled dragons (D)
  2 porcupines (D)
  A water moccasin (D)
  An ice beast (shapeshifter) (D)
  3 swamp drakes (D)
  11 orc warriors (D)
  3 sky beasts (D)
  A boggart (D)
  An eye of draining (D)
  A phantom (D)
  An ogre (D)
  3 crocodiles (D)
  4 giant frogs (D)
  A scorpion (D)
  2 small abominations (D)
  2 crimson imps (D)
  4 orc priests (D)
  A quasit (D)
  An iguana (D)
  6 orc wizards (D)
  A sheep (D)
  An adder (D)
  A shadow imp (D)
  A giant eyeball (D)
  An ufetubus (D)
  An adder skeleton (D)
  14 orcs (D)
  A bat (D)
  A bat skeleton (D)
  A bat zombie (D)
  A giant cockroach (D)
  2 hobgoblins (D)
  A giant newt (D)
  A kobold (D)
527 creatures vanquished.

Vanquished Creatures (others)
  Mara (D)
  A merfolk aquamancer (D)
  A deep elf knight (D)
  A guardian serpent (D)
  A freezing wraith (D)
  A bog body (D)
  A vampire mosquito (D)
  A swamp drake (D)
  A block of ice (D)
9 creatures vanquished.

Grand Total: 536 creatures vanquished

Notes
Turn   | Place    | Note
--------------------------------------------------------------
     0 | D        | Kidiri the Gargoyle Fighter began the quest for the Orb.
     0 | D        | Reached XP level 1. HP: 14/14 MP: 1/1
    69 | D        | Noticed a crimson imp
    69 | D        | Noticed a sky beast
    81 | D        | Reached skill level 4 in Armour
    81 | D        | Reached skill level 1 in Dodging
    81 | D        | Reached XP level 2. HP: 16/20 MP: 2/2
   109 | D        | Killed a sky beast
   109 | D        | Reached skill level 5 in Armour
   109 | D        | Reached skill level 6 in Shields
   109 | D        | Reached XP level 3. HP: 8/24 MP: 3/3
   109 | D        | Reached XP level 4. HP: 10/30 MP: 4/4
   156 | D        | Killed a crimson imp
   156 | D        | Reached skill level 5 in Fighting
   156 | D        | Reached skill level 5 in Maces & Flails
   156 | D        | Reached XP level 5. HP: 18/35 MP: 5/5
   172 | D        | Gained mutation: You are clumsy. (Dex -2) [mutagenic meat]
   173 | D        | Gained mutation: You can spit weak poison. [mutagenic meat]
   175 | D        | Gained mutation: You are partially covered in rugged brown scales (AC +1, +3% HP). [mutagenic meat]
   317 | D        | Found a glowing silver altar of Zin.
   317 | D        | Found a glowing golden altar of the Shining One.
   317 | D        | Found an ancient bone altar of Kikubaaqudgha.
   317 | D        | Found a basalt altar of Yredelemnul.
   317 | D        | Found a shimmering altar of Xom.
   317 | D        | Found a radiant altar of Vehumet.
   318 | D        | Found an iron altar of Okawaru.
   319 | D        | Found a burning altar of Makhleb.
   320 | D        | Found a deep blue altar of Sif Muna.
   321 | D        | Found a bloodstained altar of Trog.
   322 | D        | Found a sparkling altar of Nemelex Xobeh.
   323 | D        | Found a white marble altar of Elyvilon.
   324 | D        | Found a roughly hewn altar of Beogh.
   325 | D        | Found a viscous altar of Jiyva.
   326 | D        | Became a worshipper of Warmaster Okawaru
   327 | D        | Found a corrupted altar of Lugonu.
   328 | D        | Found a blossoming altar of Fedhas.
   329 | D        | Found a snail-covered altar of Cheibriados.
   330 | D        | Found a shadowy altar of Dithmenos.
   331 | D        | Found a stormy altar of Qazlal.
   332 | D        | Found an opulent altar of Gozag.
   333 | D        | Found a sacrificial altar of Ru.
   386 | D        | Noticed a giant frog
   386 | D        | Noticed a troll
   386 | D        | Noticed a scorpion
   386 | D        | Noticed a crimson imp
   386 | D        | Noticed a two-headed ogre
   390 | D        | Killed a two-headed ogre
   390 | D        | Acquired Okawaru's first power
   390 | D        | Reached skill level 7 in Armour
   390 | D        | Reached XP level 6. HP: 38/42 MP: 5/8
   394 | D        | Killed a crimson imp
   394 | D        | Reached skill level 8 in Armour
   399 | D        | Killed a scorpion
   405 | D        | Killed a troll
   405 | D        | Reached skill level 9 in Armour
   405 | D        | Reached XP level 7. HP: 32/48 MP: 7/10
   408 | D        | Killed a giant frog
   510 | D        | Noticed a phantom
   510 | D        | Noticed an orc warrior
   510 | D        | Noticed an orc warrior
   510 | D        | Noticed a slime creature
   516 | D        | Killed a slime creature
   516 | D        | Reached XP level 8. HP: 52/54 MP: 8/11
   527 | D        | Killed an orc warrior
   528 | D        | Killed an orc warrior
   528 | D        | Reached skill level 5 in Invocations
   538 | D        | Killed a phantom
   538 | D        | Reached skill level 10 in Armour
   538 | D        | Reached skill level 5 in Dodging
   538 | D        | Reached skill level 10 in Shields
   677 | D        | Noticed a crocodile
   677 | D        | Noticed a yak
   677 | D        | Noticed a spiny frog
   677 | D        | Noticed an iguana
   677 | D        | Noticed a spiny frog
   681 | D        | Noticed a hippogriff
   684 | D        | Killed a spiny frog
   688 | D        | Noticed a komodo dragon
   690 | D        | Killed an iguana
   698 | D        | Noticed a water moccasin
   709 | D        | Killed a spiny frog
   709 | D        | Reached XP level 9. HP: 46/60 MP: 13/13
   715 | D        | Killed a yak
   715 | D        | Reached skill level 11 in Armour
   718 | D        | Killed a crocodile
   725 | D        | Killed a hippogriff
   725 | D        | Reached skill level 10 in Maces & Flails
   734 | D        | Killed a komodo dragon
   740 | D        | Killed a water moccasin
   823 | D        | Noticed a crocodile
   823 | D        | Noticed a polar bear
   823 | D        | Noticed a spiny frog
   823 | D        | Noticed a porcupine
   823 | D        | Noticed a yak
   823 | D        | Noticed a porcupine
   825 | D        | Killed a porcupine
   826 | D        | Noticed a fire drake
   828 | D        | Noticed a basilisk
   831 | D        | Killed a yak
   832 | D        | Killed a porcupine
   837 | D        | Killed a spiny frog
   837 | D        | Reached skill level 12 in Armour
   838 | D        | Noticed a hippogriff
   841 | D        | Killed a polar bear
   841 | D        | Reached XP level 10. HP: 54/67 MP: 15/15
   846 | D        | Killed a crocodile
   849 | D        | Killed a fire drake
   850 | D        | Killed a basilisk
   855 | D        | Killed a hippogriff
   855 | D        | Acquired Okawaru's second power
   873 | D        | Noticed a giant frog
   873 | D        | Noticed a vampire mosquito
   873 | D        | Noticed a blink frog
   873 | D        | Noticed a vampire mosquito
   873 | D        | Noticed a vampire mosquito
   873 | D        | Noticed a giant leech
   874 | D        | Noticed a spiny frog
   879 | D        | Killed a giant leech
   884 | D        | Killed a vampire mosquito
   889 | D        | Killed a vampire mosquito
   894 | D        | Noticed a blink frog
   898 | D        | Killed a blink frog
   902 | D        | Killed a vampire mosquito
   906 | D        | Killed a spiny frog
   906 | D        | Received a gift from Okawaru
   906 | D        | Reached skill level 13 in Armour
   909 | D        | Killed a giant frog
   918 | D        | Killed a blink frog
  1053 | D        | Noticed a wraith
  1054 | D        | Noticed a wraith
  1055 | D        | Noticed a wraith
  1056 | D        | Noticed Josephine
  1059 | D        | Noticed a wraith
  1061 | D        | Noticed a wraith
  1063 | D        | Killed a wraith
  1075 | D        | Killed Josephine
  1075 | D        | Reached skill level 10 in Fighting
  1087 | D        | Killed a wraith
  1095 | D        | Killed a wraith
  1098 | D        | Killed a wraith
  1098 | D        | Reached XP level 11. HP: 75/75 MP: 17/17
  1106 | D        | Killed a wraith
  1135 | D        | Noticed Joseph
  1152 | D        | Killed Joseph
  1186 | D        | Noticed an orc wizard
  1186 | D        | Noticed an orc knight
  1186 | D        | Noticed an orc wizard
  1186 | D        | Noticed an orc priest
  1189 | D        | Noticed an orc priest
  1193 | D        | Killed an orc priest
  1194 | D        | Noticed an orc wizard
  1197 | D        | Killed an orc wizard
  1203 | D        | Killed an orc knight
  1203 | D        | Received a gift from Okawaru
  1208 | D        | Killed an orc wizard
  1209 | D        | Noticed an orc priest
  1210 | D        | Noticed an orc priest
  1212 | D        | Killed an orc priest
  1212 | D        | Reached skill level 14 in Shields
  1213 | D        | Noticed an orc wizard
  1214 | D        | Noticed an orc warrior
  1214 | D        | Killed an orc wizard
  1217 | D        | Noticed an orc wizard
  1218 | D        | Killed an orc priest
  1220 | D        | Killed an orc priest
  1224 | D        | Killed an orc warrior
  1231 | D        | Killed an orc wizard
  1234 | D        | Killed an orc wizard
  1303 | D        | Noticed an orc warrior
  1303 | D        | Noticed an orc warrior
  1303 | D        | Noticed an orc warrior
  1303 | D        | Noticed an orc warrior
  1303 | D        | Noticed an orc knight
  1307 | D        | Noticed an orc warrior
  1313 | D        | Killed an orc knight
  1317 | D        | Killed an orc warrior
  1322 | D        | Killed an orc warrior
  1323 | D        | Noticed an orc warrior
  1323 | D        | Noticed an orc warrior
  1328 | D        | Killed an orc warrior
  1329 | D        | Noticed an orc warrior
  1333 | D        | Killed an orc warrior
  1334 | D        | Noticed an orc knight
  1337 | D        | Killed an orc warrior
  1341 | D        | Killed an orc warrior
  1348 | D        | Killed an orc warrior
  1366 | D        | Killed an orc knight
  1372 | D        | Killed an orc warrior
  1427 | D        | Found Cisoq's Jewellery Boutique.
  1427 | D        | Noticed an orc sorcerer
  1427 | D        | Noticed an orc high priest
  1427 | D        | Noticed an orc knight
  1427 | D        | Noticed an orc high priest
  1433 | D        | Killed an orc high priest
  1438 | D        | Killed an orc knight
  1443 | D        | Found Wingal's Gadget Shop.
  1444 | D        | Noticed a soul eater
  1449 | D        | Killed an orc high priest
  1449 | D        | Reached skill level 10 in Invocations
  1450 | D        | Noticed an orc knight
  1457 | D        | Found Tilujas's Food Boutique.
  1462 | D        | Killed an orc sorcerer
  1462 | D        | Reached skill level 15 in Shields
  1465 | D        | Noticed an orc knight
  1471 | D        | Killed an orc knight
  1471 | D        | Received a gift from Okawaru
  1471 | D        | Reached skill level 15 in Armour
  1472 | D        | Found Miehiput's Antique Armour Shop.
  1490 | D        | Killed an orc knight
  1495 | D        | Noticed an orc knight
  1503 | D        | Killed an orc knight
  1503 | D        | Reached XP level 12. HP: 42/82 MP: 17/19
  1514 | D        | Bought a pair of glowing gloves for 130 gold pieces
  1514 | D        | Bought a faintly glowing cloak for 275 gold pieces
  1524 | D        | Identified the +1 cloak "Soigirchu" {Str+3 Dex-3 SInv} (You bought it in a shop in the Dungeon)
  1724 | D        | Noticed Gastronok
  1738 | D        | Killed Gastronok
  1853 | D        | Noticed a griffon
  1853 | D        | Noticed a crocodile
  1853 | D        | Noticed a giant frog
  1853 | D        | Noticed a gargoyle
  1853 | D        | Noticed a hill giant
  1860 | D        | Killed a hill giant
  1861 | D        | Noticed a giant frog
  1862 | D        | Noticed an ettin
  1868 | D        | Killed a gargoyle
  1877 | D        | Killed a griffon
  1878 | D        | Noticed an ettin
  1879 | D        | Killed a giant frog
  1880 | D        | Noticed a two-headed ogre
  1884 | D        | Noticed a sphinx
  1884 | D        | Killed a crocodile
  1890 | D        | Noticed a fire giant
  1893 | D        | Killed an ettin
  1896 | D        | Noticed a fire dragon
  1901 | D        | Killed an ettin
  1901 | D        | Reached skill level 16 in Armour
  1902 | D        | Noticed a wizard
  1904 | D        | Killed a giant frog
  1909 | D        | Killed a two-headed ogre
  1914 | D        | Paralysed by a sphinx for 7 turns
  1925 | D        | Killed a sphinx
  1925 | D        | Reached skill level 15 in Maces & Flails
  1933 | D        | Killed a fire giant
  1949 | D        | Killed a fire dragon
  1963 | D        | Killed a wizard
  1988 | D        | Gained mutation: You are covered in fur (AC +1). [mutagenic meat]
  1989 | D        | Lost mutation: You are clumsy. (Dex -2) [mutagenic meat]
  1990 | D        | Gained mutation: Your flesh is heat resistant. [mutagenic meat]
  2323 | D        | Noticed a merfolk impaler
  2323 | D        | Noticed a merfolk
  2323 | D        | Noticed a merfolk
  2323 | D        | Noticed a snapping turtle
  2323 | D        | Noticed a merfolk
  2323 | D        | Noticed a griffon
  2324 | D        | Noticed a merfolk aquamancer
  2326 | D        | Killed a griffon
  2326 | D        | Received a gift from Okawaru
  2327 | D        | Noticed a merfolk javelineer
  2332 | D        | Killed a merfolk
  2332 | D        | Reached XP level 13. HP: 89/89 MP: 21/21
  2338 | D        | Noticed a merfolk
  2342 | D        | Killed a snapping turtle
  2355 | D        | Killed a merfolk aquamancer
  2355 | D        | Reached skill level 17 in Shields
  2366 | D        | Killed a merfolk javelineer
  2382 | D        | Killed a merfolk impaler
  2389 | D        | Killed a merfolk
  2390 | D        | HP: 4/90 [merfolk/trident (5)]
  2395 | D        | Killed a merfolk
  2399 | D        | Killed a merfolk
  2671 | D        | Noticed a bog body
  2671 | D        | Noticed a swamp drake
  2671 | D        | Noticed a giant leech
  2671 | D        | Noticed a swamp drake
  2671 | D        | Noticed a six-headed hydra
  2671 | D        | Noticed a swamp drake
  2672 | D        | Noticed an alligator
  2683 | D        | Killed a six-headed hydra
  2683 | D        | Reached skill level 10 in Dodging
  2684 | D        | Killed a bog body
  2686 | D        | Killed a swamp drake
  2688 | D        | Killed a swamp drake
  2689 | D        | Noticed a swamp drake
  2689 | D        | Noticed a vampire mosquito
  2689 | D        | Killed a swamp drake
  2693 | D        | Killed a giant leech
  2696 | D        | Killed a swamp drake
  2697 | D        | Killed a vampire mosquito
  2704 | D        | Killed an alligator
  2728 | D        | Noticed a moth of wrath
  2728 | D        | Noticed a wolf spider
  2728 | D        | Noticed a jumping spider
  2728 | D        | Noticed a jumping spider
  2728 | D        | Noticed a demonic crawler
  2728 | D        | Noticed a hornet
  2733 | D        | Killed a hornet
  2734 | D        | Noticed a trapdoor spider
  2739 | D        | Killed a jumping spider
  2742 | D        | Killed a demonic crawler
  2748 | D        | Killed a wolf spider
  2749 | D        | Noticed a wolf spider
  2750 | D        | Noticed a wolf spider
  2752 | D        | Killed a moth of wrath
  2758 | D        | Killed a trapdoor spider
  2765 | D        | Killed a wolf spider
  2775 | D        | Killed a wolf spider
  2787 | D        | Killed a jumping spider
  2824 | D        | Noticed a naga sharpshooter
  2824 | D        | Noticed a shock serpent
  2824 | D        | Noticed a black mamba
  2824 | D        | Noticed a salamander mystic
  2824 | D        | Noticed a naga mage
  2824 | D        | Noticed a mana viper
  2829 | D        | Noticed an anaconda
  2829 | D        | Killed a mana viper
  2834 | D        | Killed a naga mage
  2837 | D        | Noticed a salamander
  2839 | D        | Killed a salamander mystic
  2840 | D        | Noticed a black mamba
  2845 | D        | Killed a shock serpent
  2845 | D        | Reached skill level 18 in Armour
  2849 | D        | Killed a black mamba
  2855 | D        | Killed a naga sharpshooter
  2858 | D        | Killed an anaconda
  2867 | D        | Killed a salamander
  2874 | D        | Killed a black mamba
  3086 | D        | Noticed Urug
  3094 | D        | Killed Urug
  3182 | D        | Noticed a fire dragon
  3182 | D        | Noticed a deep troll shaman
  3182 | D        | Noticed an ettin
  3182 | D        | Noticed a centaur warrior
  3182 | D        | Noticed an entropy weaver
  3182 | D        | Noticed a red ugly thing
  3186 | D        | Killed a red ugly thing
  3186 | D        | Received a gift from Okawaru
  3187 | D        | Got a twisted mace {god gift}
  3188 | D        | Identified the +1 mace of Conformity {speed, rF+ rC++ Dex+3} (Okawaru gifted it to you in the Dungeon)
  3197 | D        | Noticed a fire dragon
  3198 | D        | Killed an entropy weaver
  3199 | D        | Noticed a fire dragon
  3208 | D        | Killed a centaur warrior
  3209 | D        | Noticed a manticore
  3209 | D        | a manticore changed into a swamp dragon
  3218 | D        | Killed an ettin
  3232 | D        | Killed a deep troll shaman
  3247 | D        | Killed a fire dragon
  3247 | D        | Gained mutation: Your large and strong wings let you fly indefinitely. [Gargoyle growth]
  3247 | D        | Reached XP level 14. HP: 96/98 MP: 18/23
  3248 | D        | Noticed a two-headed ogre
  3251 | D        | Noticed a frost giant
  3256 | D        | Noticed a deep troll shaman
  3259 | D        | a two-headed ogre changed into an ice beast
  3264 | D        | Noticed an ogre mage
  3268 | D        | Killed a fire dragon
  3269 | D        | Noticed a slime creature
  3282 | D        | a slime creature changed into a faun
  3285 | D        | Killed a fire dragon
  3286 | D        | Noticed a frost giant
  3307 | D        | Killed a frost giant
  3307 | D        | Reached skill level 19 in Shields
  3309 | D        | Noticed a vampire mage
  3355 | D        | Killed a deep troll shaman
  3371 | D        | Noticed a stone giant
  3377 | D        | Killed a frost giant
  3378 | D        | Noticed an ice dragon
  3384 | D        | Killed an ogre mage
  3417 | D        | Killed a vampire mage
  3417 | D        | Received a gift from Okawaru
  3444 | D        | Killed a stone giant
  3472 | D        | Killed an ice dragon
  3500 | D        | Gained mutation: You occasionally shout uncontrollably at your foes. [mutagenic meat]
  3501 | D        | Gained mutation: You can translocate small distances at will. [mutagenic meat]
  3660 | D        | Noticed a yaktaur captain
  3660 | D        | Noticed a hog
  3660 | D        | Noticed an ironheart preserver
  3660 | D        | Noticed an ironbrand convoker
  3660 | D        | Noticed a two-headed ogre
  3660 | D        | Noticed a fire crab
  3672 | D        | Killed a fire crab
  3673 | D        | Noticed a yaktaur
  3680 | D        | Noticed a centaur warrior
  3686 | D        | Killed an ironheart preserver
  3687 | D        | Noticed a vault sentinel
  3690 | D        | Killed a two-headed ogre
  3691 | D        | Noticed a slime creature
  3699 | D        | Killed an ironbrand convoker
  3700 | D        | Noticed a boggart
  3714 | D        | Killed a yaktaur captain
  3715 | D        | Noticed an ironbrand convoker
  3720 | D        | Killed a hog
  3721 | D        | Noticed a freezing wraith
  3733 | D        | Killed a yaktaur
  3734 | D        | Noticed an orc knight
  3740 | D        | Killed a centaur warrior
  3741 | D        | Noticed a boulder beetle
  3767 | D        | Killed a vault sentinel
  3767 | D        | Reached skill level 15 in Fighting
  3768 | D        | Noticed a wolf spider
  3775 | D        | Killed a slime creature
  3776 | D        | Noticed a vault warden
  3784 | D        | Killed an ironbrand convoker
  3790 | D        | Killed a freezing wraith
  3791 | D        | Noticed a yaktaur captain
  3797 | D        | Killed a boggart
  3798 | D        | Noticed a freezing wraith
  3802 | D        | Killed an orc knight
  3802 | D        | Received a gift from Okawaru
  3803 | D        | Noticed a deep elf knight
  3811 | D        | Noticed a boulder beetle
  3835 | D        | Killed a boulder beetle
  3839 | D        | Killed a deep elf knight
  3846 | D        | Killed a wolf spider
  3865 | D        | Killed a freezing wraith
  3892 | D        | Killed a vault warden
  3892 | D        | Reached skill level 20 in Armour
  3897 | D        | Killed a yaktaur captain
  3926 | D        | Killed a boulder beetle
  3997 | D        | Noticed Mara
  3997 | D        | Noticed Xtahua
  3998 | D        | Noticed Kidiri's illusion
  3998 | D        | Noticed Mennas
  3999 | D        | Noticed Nikola
  4010 | D        | Killed Kidiri's illusion
  4021 | D        | Noticed Kidiri's illusion
  4021 | D        | Noticed Boris
  4037 | D        | Killed Xtahua
  4043 | D        | Noticed a hell knight
  4068 | D        | Killed Mennas
  4069 | D        | Noticed a necromancer
  4070 | D        | Killed Mara
  4071 | D        | Noticed a hell knight
  4075 | D        | Killed Boris
  4075 | D        | Received a gift from Okawaru
  4075 | D        | Reached XP level 15. HP: 61/107 MP: 24/26
  4077 | D        | Noticed Margery
  4082 | D        | Noticed a hell knight
  4092 | D        | Killed Mara
  4092 | D        | Killed Mara
  4092 | D        | Reached skill level 21 in Armour
  4092 | D        | Reached skill level 15 in Invocations
  4107 | D        | Killed Nikola
  4107 | D        | Received a gift from Okawaru
  4113 | D        | Killed a hell knight
  4115 | D        | Killed a necromancer
  4121 | D        | Noticed Louise
  4123 | D        | Killed Margery
  4131 | D        | Killed a hell knight
  4167 | D        | Noticed Jory
  4168 | D        | Killed Louise
  4169 | D        | Killed a hell knight
  4185 | D        | Killed Jory
  4230 | D        | Identified a +0 pair of boots of running (Okawaru gifted it to you in the Dungeon)
  4298 | D        | Noticed Frederick
  4301 | D        | Noticed Norris
  4311 | D        | Killed Frederick
  4311 | D        | Reached skill level 22 in Armour
  4718 | D        | Noticed an emperor scorpion
  4718 | D        | Noticed an emperor scorpion
  4718 | D        | Noticed a demonic crawler
  4718 | D        | Noticed a redback
  4718 | D        | Noticed an emperor scorpion
  4718 | D        | Noticed a demonic crawler
  4721 | D        | Killed a demonic crawler
  4722 | D        | Noticed a ghost moth
  4735 | D        | Killed an emperor scorpion
  4738 | D        | Killed a redback
  4746 | D        | Killed a demonic crawler
  4766 | D        | Killed an emperor scorpion
  4766 | D        | Received a gift from Okawaru
  4776 | D        | Killed an emperor scorpion
  4784 | D        | Killed a ghost moth
  4785 | D        | Noticed an emperor scorpion
  4786 | D        | Noticed an emperor scorpion
  4800 | D        | Killed an emperor scorpion
  4815 | D        | Killed an emperor scorpion
  4815 | D        | Reached XP level 16. HP: 104/115 MP: 5/28
  4926 | D        | Noticed an emperor scorpion
  4927 | D        | Noticed a wolf spider
  4928 | D        | Noticed a moth of wrath
  4929 | D        | Noticed an emperor scorpion
  4947 | D        | Killed an emperor scorpion
  4952 | D        | Killed a wolf spider
  4956 | D        | Killed a moth of wrath
  4969 | D        | Killed an emperor scorpion
  4979 | D        | Got a gossamer rune of Zot
  5002 | D        | Noticed a merfolk javelineer
  5002 | D        | Noticed a merfolk impaler
  5002 | D        | Noticed a merfolk javelineer
  5002 | D        | Noticed a merfolk impaler
  5002 | D        | Noticed a merfolk impaler
  5002 | D        | Noticed a merfolk javelineer
  5003 | D        | Noticed Ilsuiw
  5010 | D        | Killed a merfolk javelineer
  5011 | D        | Noticed a merfolk impaler
  5012 | D        | Noticed a merfolk javelineer
  5017 | D        | Killed a merfolk javelineer
  5024 | D        | Noticed a merfolk avatar
  5035 | D        | Killed Ilsuiw
  5036 | D        | Noticed a merfolk javelineer
  5041 | D        | Killed a merfolk javelineer
  5041 | D        | Reached skill level 23 in Armour
  5046 | D        | Killed a merfolk javelineer
  5047 | D        | Noticed a merfolk aquamancer
  5051 | D        | Killed a merfolk impaler
  5052 | D        | Noticed a merfolk aquamancer
  5060 | D        | Killed a merfolk impaler
  5069 | D        | Killed a merfolk impaler
  5074 | D        | Killed a merfolk aquamancer
  5078 | D        | Killed a merfolk aquamancer
  5085 | D        | Killed a merfolk avatar
  5091 | D        | Killed a merfolk javelineer
  5097 | D        | Killed a merfolk impaler
  5109 | D        | Got a barnacled rune of Zot
  5132 | D        | Noticed a six-headed hydra
  5132 | D        | Noticed a swamp dragon
  5132 | D        | Noticed a swamp dragon
  5132 | D        | Noticed an eight-headed hydra
  5132 | D        | Noticed a six-headed hydra
  5132 | D        | Noticed a six-headed hydra
  5134 | D        | Killed a six-headed hydra
  5136 | D        | Killed a six-headed hydra
  5137 | D        | Noticed a four-headed hydra
  5139 | D        | Noticed a bog body
  5140 | D        | Killed an eight-headed hydra
  5141 | D        | Noticed a swamp dragon
  5150 | D        | Noticed a swamp dragon
  5150 | D        | Killed a swamp dragon
  5155 | D        | Noticed a swamp dragon
  5162 | D        | Killed a swamp dragon
  5164 | D        | Killed a six-headed hydra
  5167 | D        | Noticed a swamp dragon
  5168 | D        | Killed a four-headed hydra
  5172 | D        | Noticed a swamp dragon
  5174 | D        | Killed a bog body
  5178 | D        | Killed a swamp dragon
  5182 | D        | Killed a swamp dragon
  5185 | D        | Killed a swamp dragon
  5191 | D        | Killed a swamp dragon
  5198 | D        | Killed a swamp dragon
  5203 | D        | Got a decaying rune of Zot
  5233 | D        | Noticed a greater naga
  5233 | D        | Noticed a naga mage
  5233 | D        | Noticed a guardian serpent
  5233 | D        | Noticed a greater naga
  5233 | D        | Noticed a naga mage
  5233 | D        | Noticed a naga warrior
  5242 | D        | Noticed a greater naga
  5242 | D        | Killed a naga warrior
  5243 | D        | Noticed a guardian serpent
  5252 | D        | Killed a greater naga
  5252 | D        | Received a gift from Okawaru
  5254 | D        | Noticed a greater naga
  5258 | D        | Noticed a naga mage
  5263 | D        | Killed a greater naga
  5267 | D        | Killed a naga mage
  5271 | D        | Killed a guardian serpent
  5271 | D        | Reached skill level 24 in Armour
  5275 | D        | Killed a greater naga
  5277 | D        | Killed a naga mage
  5278 | D        | Noticed a naga
  5283 | D        | Killed a greater naga
  5284 | D        | Killed a guardian serpent
  5286 | D        | Killed a naga
  5290 | D        | Killed a naga mage
  5293 | D        | Noticed a guardian serpent
  5294 | D        | Noticed a greater naga
  5300 | D        | Killed a guardian serpent
  5305 | D        | Killed a greater naga
  5315 | D        | Got a serpentine rune of Zot
  5339 | D        | Gained mutation: Your spells are a little easier to cast, but a little less powerful. [mutagenic meat]
  5342 | D        | Gained mutation: You have a somewhat thin skeletal structure (Dex +2, Stealth). [mutagenic meat]
  5343 | D        | Lost mutation: Your spells are a little easier to cast, but a little less powerful. [mutagenic meat]
  5344 | D        | Gained mutation: Your muscles are strong. (Str +2) [mutagenic meat]
  5345 | D        | Gained mutation: You are resistant to hostile enchantments. [mutagenic meat]
  5347 | D        | Gained mutation: Your flesh is cold resistant. [mutagenic meat]
  5348 | D        | Gained mutation: Your spells are a little harder to cast, but a little more powerful. [mutagenic meat]
  5447 | D        | Noticed a vault guard
  5447 | D        | Noticed a vault guard
  5447 | D        | Noticed a vault guard
  5447 | D        | Noticed a vault guard
  5447 | D        | Noticed a vault guard
  5447 | D        | Noticed a vault guard
  5450 | D        | Noticed a vault guard
  5456 | D        | Killed a vault guard
  5457 | D        | Noticed a vault guard
  5468 | D        | Killed a vault guard
  5469 | D        | Noticed a vault guard
  5481 | D        | Killed a vault guard
  5483 | D        | Noticed a vault guard
  5484 | D        | Killed a vault guard
  5484 | D        | Received a gift from Okawaru
  5485 | D        | Noticed a vault guard
  5490 | D        | Killed a vault guard
  5494 | D        | Killed a vault guard
  5495 | D        | Noticed a vault guard
  5499 | D        | Killed a vault guard
  5500 | D        | Noticed a vault guard
  5502 | D        | Noticed a vault guard
  5505 | D        | Killed a vault guard
  5506 | D        | Noticed a vault guard
  5510 | D        | Killed a vault guard
  5510 | D        | Reached XP level 17. HP: 123/123 MP: 26/30
  5511 | D        | Noticed a vault guard
  5513 | D        | Killed a vault guard
  5519 | D        | Killed a vault guard
  5520 | D        | Noticed a vault guard
  5525 | D        | Killed a vault guard
  5527 | D        | Killed a vault guard
  5529 | D        | Noticed a vault guard
  5532 | D        | Killed a vault guard
  5538 | D        | Killed a vault guard
  5538 | D        | Reached skill level 15 in Dodging
  5539 | D        | Noticed a vault guard
  5545 | D        | Noticed a vault guard
  5549 | D        | Killed a vault guard
  5550 | D        | Noticed a vault guard
  5552 | D        | Noticed a vault guard
  5554 | D        | Killed a vault guard
  5557 | D        | Noticed a vault guard
  5557 | D        | Killed a vault guard
  5557 | D        | Reached skill level 25 in Armour
  5566 | D        | Killed a vault guard
  5570 | D        | Killed a vault guard
  5578 | D        | Killed a vault guard
  5591 | D        | Killed a vault guard
  5595 | D        | Killed a vault guard
  5597 | D        | Noticed a vault guard
  5598 | D        | Noticed a vault guard
  5604 | D        | Killed a vault guard
  5612 | D        | Killed a vault guard
  5682 | D        | Noticed a tentacled monstrosity
  5682 | D        | Noticed a yaktaur captain
  5682 | D        | Noticed an ironheart preserver
  5682 | D        | Noticed an orc warlord
  5682 | D        | Noticed a fire giant
  5682 | D        | Noticed a vault sentinel
  5683 | D        | Noticed a deep elf priest
  5685 | D        | Killed a vault sentinel
  5693 | D        | Killed a fire giant
  5700 | D        | Noticed a great orb of eyes
  5703 | D        | Noticed an orc knight
  5707 | D        | Killed an orc warlord
  5708 | D        | Noticed a harpy
  5709 | D        | Killed an ironheart preserver
  5713 | D        | Killed a tentacled monstrosity
  5714 | D        | Noticed an ironheart preserver
  5719 | D        | Noticed an orc knight
  5719 | D        | Killed a yaktaur captain
  5720 | D        | Noticed a shadow dragon
  5721 | D        | Killed a deep elf priest
  5726 | D        | Killed a great orb of eyes
  5727 | D        | Noticed a shadow dragon
  5728 | D        | Noticed a yaktaur
  5729 | D        | Killed an orc knight
  5731 | D        | Killed a harpy
  5732 | D        | Noticed a great orb of eyes
  5739 | D        | Killed an ironheart preserver
  5749 | D        | Killed a shadow dragon
  5753 | D        | Noticed a tengu reaver
  5761 | D        | Killed a shadow dragon
  5765 | D        | Killed an orc knight
  5768 | D        | Killed a yaktaur
  5772 | D        | Killed a great orb of eyes
  5779 | D        | Killed a tengu reaver
  5779 | D        | Received a gift from Okawaru
  5779 | D        | Reached skill level 26 in Armour
  5780 | D        | Got a polished chain mail {god gift}
  5791 | D        | Identified the +0 chain mail of Slovenliness {+Fly rC+++ Dex-4 Stlth+} (Okawaru gifted it to you in the Dungeon)
  5867 | D        | Noticed a shadow dragon
  5867 | D        | Noticed a quicksilver dragon
  5867 | D        | Noticed a quicksilver dragon
  5867 | D        | Noticed an ancient lich
  5867 | D        | Noticed a shadow dragon
  5867 | D        | Noticed an ironheart preserver
  5870 | D        | Noticed a shadow dragon
  5876 | D        | Killed an ironheart preserver
  5878 | D        | Noticed a necromancer
  5884 | D        | Killed a shadow dragon
  5885 | D        | Noticed an ironheart preserver
  5891 | D        | Killed an ancient lich
  5904 | D        | Killed an ironheart preserver
  5905 | D        | Killed a shadow dragon
  5910 | D        | Killed a quicksilver dragon
  5918 | D        | Killed a shadow dragon
  5924 | D        | Killed a quicksilver dragon
  5924 | D        | Reached XP level 18. HP: 115/134 MP: 28/32
  5927 | D        | Killed a necromancer
  5930 | D        | Got a silver rune of Zot
  6046 | D        | Got the amulet "Rycaej" {Spirit Int+4}
  6048 | D        | Got the ring of Pride {Ice rPois MR+ Dex-3}
  6050 | D        | Got the ring "Busumoash" {rElec Dex+3 SInv}
  6052 | D        | Got the ring of Lojohak {Wiz rN+ MP-9 SInv}
  6054 | D        | Got the ring "Izebipn" {rPois rF++}
  6085 | D        | Got the +4 plate armour "Laewuk" {Int+8 Slay+3 Stlth-}
  6183 | D        | Killed Norris
  6183 | D        | Reached skill level 27 in Armour
  6257 | D        | Noticed a manticore
  6257 | D        | Noticed a sky beast
  6257 | D        | Noticed an orb spider
  6257 | D        | Noticed a yaktaur
  6258 | D        | Noticed an orc knight
  6262 | D        | Killed a yaktaur
  6264 | D        | Noticed a wraith
  6265 | D        | Reached skill level 27 in Shields
  6266 | D        | Noticed a deep elf fighter
  6270 | D        | Killed an orb spider
  6273 | D        | Killed a deep elf fighter
  6274 | D        | Killed a sky beast
  6277 | D        | Killed a manticore
  6287 | D        | Killed an orc knight
  6289 | D        | Killed a wraith
  6297 | D        | Gained mutation: Scrolls take you a little longer to read. [mutagenic meat]
  6298 | D        | Gained mutation: You passively map a small area around you. [mutagenic meat]
  6299 | D        | Lost mutation: Your muscles are strong. (Str +2) [mutagenic meat]
  6300 | D        | Lost mutation: You are partially covered in rugged brown scales (AC +1, +3% HP). [mutagenic meat]
  6315 | D        | Noticed a mottled dragon
  6315 | D        | Noticed a fire dragon
  6315 | D        | Noticed a mottled dragon
  6315 | D        | Noticed an ice dragon
  6315 | D        | Noticed a mottled draconian
  6315 | D        | Noticed an ice dragon
  6316 | D        | Noticed a white draconian
  6320 | D        | Killed an ice dragon
  6322 | D        | Noticed a black draconian
  6325 | D        | Killed a mottled draconian
  6326 | D        | Noticed a bone dragon
  6335 | D        | Killed an ice dragon
  6337 | D        | Noticed a black draconian
  6344 | D        | Killed a fire dragon
  6345 | D        | Noticed an ice dragon
  6346 | D        | Killed a mottled dragon
  6351 | D        | Noticed a purple draconian
  6355 | D        | Killed a white draconian
  6367 | D        | Killed a bone dragon
  6369 | D        | Killed a black draconian
  6373 | D        | Killed a black draconian
  6384 | D        | Killed an ice dragon
  6384 | D        | Received a gift from Okawaru
  6390 | D        | Killed a purple draconian
  6391 | D        | Killed a mottled dragon
  6459 | D        | Noticed a yellow draconian shifter
  6459 | D        | Noticed a mottled draconian
  6459 | D        | Noticed a red draconian knight
  6459 | D        | Noticed a mottled draconian
  6459 | D        | Noticed a mottled draconian zealot
  6459 | D        | Noticed a green draconian scorcher
  6460 | D        | Noticed a red draconian
  6466 | D        | Killed a green draconian scorcher
  6471 | D        | Killed a mottled draconian zealot
  6475 | D        | Killed a mottled draconian
  6488 | D        | Killed a yellow draconian shifter
  6504 | D        | Killed a red draconian knight
  6507 | D        | Killed a mottled draconian
  6514 | D        | Killed a red draconian
  6541 | D        | Noticed a storm dragon
  6541 | D        | Noticed an ice dragon
  6541 | D        | Noticed a mottled draconian scorcher
  6541 | D        | Noticed a mottled draconian
  6541 | D        | Noticed a white draconian
  6541 | D        | Noticed a green draconian monk
  6544 | D        | Noticed a white draconian caller
  6551 | D        | Killed a green draconian monk
  6554 | D        | Killed a white draconian
  6555 | D        | Noticed a black draconian zealot
  6564 | D        | Killed a mottled draconian
  6572 | D        | Killed a mottled draconian scorcher
  6582 | D        | Killed a storm dragon
  6582 | D        | Reached skill level 27 in Maces & Flails
  6587 | D        | Killed an ice dragon
  6592 | D        | Killed a white draconian caller
  6598 | D        | Killed a black draconian zealot
  6654 | D        | Noticed a red draconian
  6654 | D        | Noticed a green draconian
  6654 | D        | Noticed a golden dragon
  6654 | D        | Noticed a storm dragon
  6654 | D        | Noticed a moth of wrath
  6654 | D        | Noticed a yellow draconian shifter
  6655 | D        | Noticed a green draconian knight
  6658 | D        | Noticed a fire dragon
  6661 | D        | Killed a moth of wrath
  6662 | D        | Noticed a purple draconian
  6667 | D        | Killed a golden dragon
  6674 | D        | Killed a yellow draconian shifter
  6682 | D        | Killed a storm dragon
  6700 | D        | Killed a green draconian knight
  6711 | D        | Killed a green draconian
  6717 | D        | Killed a red draconian
  6725 | D        | Killed a fire dragon
  6731 | D        | Killed a purple draconian
  6753 | D        | Noticed an electric golem
  6753 | D        | Noticed a mottled draconian
  6753 | D        | Noticed a moth of wrath
  6753 | D        | Noticed a red draconian annihilator
  6753 | D        | Noticed a mottled draconian
  6753 | D        | Noticed a mottled draconian
  6763 | D        | Killed a mottled draconian
  6764 | D        | Noticed a purple draconian
  6770 | D        | Noticed a white draconian
  6770 | D        | Killed a red draconian annihilator
  6771 | D        | Noticed a mottled draconian
  6777 | D        | Killed a mottled draconian
  6783 | D        | Killed a moth of wrath
  6789 | D        | Killed a mottled draconian
  6805 | D        | Killed a purple draconian
  6810 | D        | Killed an electric golem
  6811 | D        | Killed a white draconian
  6811 | D        | Reached XP level 19. HP: 144/144 MP: 34/34
  6820 | D        | Killed a mottled draconian
  6943 | D        | Noticed an Orb Guardian
  6943 | D        | Noticed an Orb Guardian
  6943 | D        | Noticed an Orb Guardian
  6943 | D        | Noticed an Orb Guardian
  6943 | D        | Noticed an Orb Guardian
  6943 | D        | Noticed an Orb Guardian
  6948 | D        | Noticed an Orb Guardian
  6949 | D        | Killed an Orb Guardian
  6949 | D        | Received a gift from Okawaru
  6960 | D        | Killed an Orb Guardian
  6966 | D        | Killed an Orb Guardian
  6967 | D        | Noticed an Orb Guardian
  6976 | D        | Killed an Orb Guardian
  6977 | D        | Noticed an Orb Guardian
  6980 | D        | Killed an Orb Guardian
  6981 | D        | Noticed an Orb Guardian
  6986 | D        | Killed an Orb Guardian
  6990 | D        | Killed an Orb Guardian
  7002 | D        | Killed an Orb Guardian
  7004 | D        | Killed an Orb Guardian
  7009 | D        | Killed an Orb Guardian
  7021 | D        | Noticed a shadow dragon
  7021 | D        | Noticed a white draconian
  7021 | D        | Noticed an Orb Guardian
  7021 | D        | Noticed an Orb Guardian
  7021 | D        | Noticed a fire dragon
  7021 | D        | Noticed a storm dragon
  7022 | D        | Noticed an Orb Guardian
  7030 | D        | Killed a storm dragon
  7031 | D        | Noticed an Orb Guardian
  7038 | D        | Killed a fire dragon
  7043 | D        | Killed an Orb Guardian
  7051 | D        | Killed an Orb Guardian
  7061 | D        | Killed a white draconian
  7068 | D        | Killed a shadow dragon
  7078 | D        | Killed an Orb Guardian
  7078 | D        | Received a gift from Okawaru
  7083 | D        | Killed an Orb Guardian
  7125 | D        | Noticed an ancient lich
  7136 | D        | Killed an ancient lich
  7138 | D        | Noticed an orb of fire
  7151 | D        | Killed an orb of fire
  7151 | D        | Reached skill level 27 in Fighting
  7151 | D        | Reached skill level 27 in Invocations
  7157 | D        | Noticed an electric golem
  7175 | D        | Killed an electric golem
  7178 | D        | Noticed a Killer Klown
  7178 | D        | Noticed an electric golem
  7178 | D        | Noticed an orb of fire
  7178 | D        | Noticed an Orb Guardian
  7178 | D        | Noticed a golden dragon
  7178 | D        | Noticed an electric golem
  7184 | D        | Killed an electric golem
  7185 | D        | Noticed an orb of fire
  7185 | D        | Noticed a golden dragon
  7191 | D        | Noticed an orb of fire
  7207 | D        | Killed an orb of fire
  7216 | D        | Gained mutation: Scrolls take you longer to read. [an orb of fire]
  7218 | D        | Gained mutation: You are dopey. (Int -2) [an orb of fire]
  7223 | D        | Noticed an electric golem
  7224 | D        | Killed an orb of fire
  7224 | D        | Reached XP level 20. HP: 101/157 MP: 37/37
  7237 | D        | Noticed an ancient lich
  7243 | D        | Gained mutation: Your body sometimes deteriorates upon taking damage. [an orb of fire]
  7248 | D        | Killed an orb of fire
  7265 | D        | Killed a golden dragon
  7269 | D        | Killed a Killer Klown
  7278 | D        | Killed an Orb Guardian
  7280 | D        | Noticed an ancient lich
  7284 | D        | Killed an ancient lich
  7284 | D        | Received a gift from Okawaru
  7289 | D        | Noticed a mottled draconian annihilator
  7291 | D        | Killed a golden dragon
  7297 | D        | Noticed an Orb Guardian
  7301 | D        | Killed an ancient lich
  7304 | D        | Killed an electric golem
  7304 | D        | Reached skill level 15 in Throwing
  7310 | D        | Killed a mottled draconian annihilator
  7310 | D        | Received a gift from Okawaru
  7315 | D        | Killed an Orb Guardian
  7323 | D        | Killed an electric golem
  7323 | D        | Reached skill level 27 in Dodging
 10439 | D        | Noticed an Orb Guardian
 10439 | D        | Noticed an Orb Guardian
 10439 | D        | Noticed an Orb Guardian
 10439 | D        | Noticed an Orb Guardian
 10439 | D        | Noticed an Orb Guardian
 10439 | D        | Noticed an Orb Guardian
 10446 | D        | Killed an Orb Guardian
 10452 | D        | Killed an Orb Guardian
 10461 | D        | Killed an Orb Guardian
 10464 | D        | Killed an Orb Guardian
 10464 | D        | Received a gift from Okawaru
 10470 | D        | Killed an Orb Guardian
 10473 | D        | Killed an Orb Guardian
 10474 | D        | Noticed a moth of wrath
 10476 | D        | Killed a moth of wrath
 10477 | D        | Noticed an Orb Guardian
 10480 | D        | Noticed an Orb Guardian
 10481 | D        | Killed an Orb Guardian
 10482 | D        | Noticed an Orb Guardian
 10488 | D        | Killed an Orb Guardian
 10489 | D        | Killed an Orb Guardian
 10502 | D        | Noticed an Orb Guardian
 10503 | D        | Noticed an Orb Guardian
 10504 | D        | Noticed a moth of wrath
 10508 | D        | Killed an Orb Guardian
 10510 | D        | Noticed an Orb Guardian
 10519 | D        | Killed an Orb Guardian
 10522 | D        | Killed an Orb Guardian
 10525 | D        | Killed a moth of wrath
 12078 | D        | Fell from the grace of Okawaru
 12078 | D        | Became a worshipper of the Shining One
 13674 | D        | Noticed a vampire knight
 13674 | D        | Noticed a vampire knight
 13674 | D        | Acquired the Shining One's first power
 13674 | D        | Noticed a vampire knight
 13674 | D        | Noticed a vampire knight
 13674 | D        | Noticed an ancient lich
 13674 | D        | Acquired the Shining One's second power
 13674 | D        | Noticed a vampire knight
 13682 | D        | Killed an ancient lich
 13682 | D        | Reached XP level 21. HP: 163/163 MP: 34/38
 13683 | D        | Noticed a lich
 13686 | D        | Killed a vampire knight
 13688 | D        | Killed a vampire knight
 13690 | D        | Killed a vampire knight
 13690 | D        | Acquired the Shining One's third power
 13691 | D        | Noticed an ancient lich
 13694 | D        | Noticed an ancient lich
 13698 | D        | Noticed a lich
 13698 | D        | Acquired the Shining One's fourth power
 13700 | D        | Killed a lich
 13703 | D        | Noticed a vampire knight
 13706 | D        | Killed a vampire knight
 13712 | D        | Killed an ancient lich
 13713 | D        | Killed a vampire knight
 13721 | D        | Killed an ancient lich
 13721 | D        | Reached skill level 27 in Throwing
 13729 | D        | Killed a lich
 13733 | D        | Killed a vampire knight
 13752 | D        | Noticed a spriggan baker
 13752 | D        | Noticed a spriggan baker
 13752 | D        | Noticed a spriggan baker
 13752 | D        | Noticed a spriggan baker
 13752 | D        | Noticed a spriggan baker
 13752 | D        | Noticed a spriggan baker
 13756 | D        | Noticed a spriggan baker
 13756 | D        | Killed a spriggan baker
 13759 | D        | Killed a spriggan baker
 13761 | D        | Noticed a spriggan baker
 13761 | D        | Killed a spriggan baker
 13762 | D        | Noticed a spriggan baker
 13762 | D        | Killed a spriggan baker
 13765 | D        | Noticed a spriggan baker
 13765 | D        | Killed a spriggan baker
 13774 | D        | Killed a spriggan baker
 13775 | D        | Killed a spriggan baker
 13776 | D        | Killed a spriggan baker
 13778 | D        | Killed a spriggan baker
 13779 | D        | Killed a spriggan baker
 13779 | D        | Reached skill level 10 in Stealth
 13796 | D        | Noticed a spriggan baker
 13802 | D        | Killed a spriggan baker
 13808 | D        | Noticed a deep elf blademaster
 13808 | D        | Noticed a deep elf sorcerer
 13808 | D        | Noticed a deep elf annihilator
 13808 | D        | Noticed a deep elf blademaster
 13808 | D        | Noticed a deep elf annihilator
 13808 | D        | Noticed a deep elf demonologist
 13810 | D        | Killed a deep elf demonologist
 13812 | D        | Noticed a deep elf blademaster
 13813 | D        | Killed a deep elf blademaster
 13815 | D        | Killed a deep elf annihilator
 13820 | D        | Killed a deep elf blademaster
 13820 | D        | Reached skill level 10 in Evocations
 13821 | D        | Killed a deep elf blademaster
 13823 | D        | Killed a deep elf annihilator
 13825 | D        | Noticed a deep elf blademaster
 13825 | D        | Was placed under penance by the Shining One
 13827 | D        | Noticed a deep elf high priest
 13827 | D        | Was forgiven by the Shining One
 13835 | D        | Noticed a deep elf demonologist
 13841 | D        | Killed a deep elf blademaster
 13848 | D        | Killed a deep elf sorcerer
 13856 | D        | Killed a deep elf high priest
 13860 | D        | Noticed a deep elf sorcerer
 13862 | D        | Killed a deep elf demonologist
 13862 | D        | Reached skill level 15 in Stealth
 13863 | D        | Noticed a deep elf sorcerer
 13865 | D        | Noticed a deep elf blademaster
 13869 | D        | Killed a deep elf sorcerer
 13873 | D        | Killed a deep elf sorcerer
 13877 | D        | Noticed a deep elf annihilator
 13879 | D        | Killed a deep elf blademaster
 13888 | D        | Killed a deep elf annihilator
 13903 | D        | Got an elven rune of Zot
 13941 | D        | Noticed an acid blob
 13941 | D        | Noticed an acid blob
 13941 | D        | Noticed an acid blob
 13941 | D        | Noticed a golden eye
 13941 | D        | Noticed an azure jelly
 13942 | D        | Paralysed by a giant eyeball for 4 turns
 13947 | D        | Killed an azure jelly
 13949 | D        | Killed a golden eye
 13950 | D        | Paralysed by a giant eyeball for 3 turns
 13958 | D        | Paralysed by a giant eyeball for 3 turns
 13962 | D        | Killed an acid blob
 13963 | D        | Noticed an acid blob
 13970 | D        | Killed an acid blob
 13972 | D        | Killed an acid blob
 13974 | D        | Killed an acid blob
 13974 | D        | Reached skill level 15 in Evocations
 13976 | D        | Noticed a golden eye
 13977 | D        | Killed a golden eye
 13978 | D        | Noticed a death ooze
 13980 | D        | Noticed the royal jelly
 13981 | D        | Noticed an acid blob
 13982 | D        | Killed a death ooze
 14011 | D        | HP: 1/163 [acid (13)]
 14188 | D        | Killed an acid blob
 14350 | D        | Killed the royal jelly
 14569 | D        | Noticed an azure jelly
 14570 | D        | Noticed an acid blob
 14571 | D        | Noticed an azure jelly
 14578 | D        | Killed an acid blob
 14586 | D        | Killed an azure jelly
 14590 | D        | Killed an azure jelly
 14591 | D        | Noticed an eye of draining
 14592 | D        | Noticed a golden eye
 14593 | D        | Noticed an azure jelly
 14594 | D        | Noticed a death ooze
 14595 | D        | Noticed a death ooze
 14597 | D        | Killed an eye of draining
 14598 | D        | Killed an azure jelly
 14602 | D        | Killed a death ooze
 14605 | D        | Killed a death ooze
 14610 | D        | Killed a golden eye
 14612 | D        | Got a slimy rune of Zot
 14716 | D        | Noticed a sphinx
 14716 | D        | Noticed a sphinx
 14716 | D        | Noticed a sphinx
 14716 | D        | Noticed a sphinx
 14716 | D        | Noticed a sphinx
 14716 | D        | Noticed a sphinx
 14721 | D        | Killed a sphinx
 14721 | D        | Reached XP level 22. HP: 124/169 MP: 36/39
 14724 | D        | Noticed a sphinx
 14725 | D        | Killed a sphinx
 14728 | D        | Noticed a sphinx
 14734 | D        | Killed a sphinx
 14735 | D        | Noticed a sphinx
 14740 | D        | Noticed a sphinx
 14742 | D        | Killed a sphinx
 14751 | D        | Killed a sphinx
 14755 | D        | Killed a sphinx
 14766 | D        | Killed a sphinx
 14767 | D        | Noticed a sphinx
 14767 | D        | Killed a sphinx
 14769 | D        | Killed a sphinx
 14773 | D        | Killed a sphinx
 14775 | D        | Killed a sphinx
 14915 | D        | Noticed a sphinx
 14919 | D        | Killed a sphinx
 14933 | D        | Noticed a guardian mummy
 14933 | D        | Noticed a guardian mummy
 14933 | D        | Noticed a guardian mummy
 14933 | D        | Noticed a guardian mummy
 14933 | D        | Noticed a guardian mummy
 14933 | D        | Noticed a guardian mummy
 14935 | D        | Killed a guardian mummy
 14936 | D        | Noticed a guardian mummy
 14937 | D        | Killed a guardian mummy
 14938 | D        | Killed a guardian mummy
 14939 | D        | Noticed a guardian mummy
 14940 | D        | Killed a guardian mummy
 14941 | D        | Noticed a guardian mummy
 14942 | D        | Killed a guardian mummy
 14943 | D        | Noticed a guardian mummy
 14944 | D        | Killed a guardian mummy
 14944 | D        | Killed a guardian mummy
 14946 | D        | Killed a guardian mummy
 14948 | D        | Killed a guardian mummy
 14953 | D        | Killed a guardian mummy
 15012 | D        | Noticed a guardian mummy
 15012 | D        | Noticed a mummy priest
 15012 | D        | Noticed a guardian mummy
 15012 | D        | Noticed a mummy priest
 15012 | D        | Noticed a guardian mummy
 15012 | D        | Noticed a guardian mummy
 15013 | D        | Noticed a greater mummy
 15014 | D        | Killed a guardian mummy
 15014 | D        | Killed a guardian mummy
 15015 | D        | Noticed a guardian mummy
 15016 | D        | Killed a mummy priest
 15017 | D        | Noticed a guardian mummy
 15019 | D        | Killed a guardian mummy
 15021 | D        | Killed a guardian mummy
 15022 | D        | Killed a mummy priest
 15027 | D        | Killed a guardian mummy
 15030 | D        | Killed a greater mummy
 15031 | D        | Killed a guardian mummy
 15115 | D        | Noticed a greater mummy
 15115 | D        | Noticed a greater mummy
 15115 | D        | Noticed a greater mummy
 15115 | D        | Noticed a greater mummy
 15115 | D        | Noticed a guardian mummy
 15115 | D        | Noticed a greater mummy
 15120 | D        | Killed a greater mummy
 15120 | D        | Reached skill level 27 in Stealth
 15126 | D        | Killed a guardian mummy
 15127 | D        | Noticed a greater mummy
 15137 | D        | Killed a greater mummy
 15379 | D        | Killed a greater mummy
 15416 | D        | Killed a greater mummy
 15447 | D        | Killed a greater mummy
 15471 | D        | Killed a greater mummy
 15496 | D        | Noticed a mummy priest
 15501 | D        | Killed a mummy priest
 15517 | D        | Noticed a guardian mummy
 15521 | D        | Killed a guardian mummy
 15534 | D        | Got a golden rune of Zot
 15556 | D        | Noticed a wandering mushroom
 15556 | D        | Noticed a ynoxinul
 15556 | D        | Noticed a small abomination
 15556 | D        | Noticed a quasit
 15556 | D        | Noticed an orange demon
 15557 | D        | Noticed a neqoxec
 15559 | D        | Killed an orange demon
 15560 | D        | Killed a quasit
 15561 | D        | Noticed a chaos spawn
 15564 | D        | Killed a small abomination
 15565 | D        | Noticed a sky beast
 15567 | D        | Killed a ynoxinul
 15571 | D        | Noticed a raiju
 15574 | D        | Noticed a small abomination
 15576 | D        | Killed a wandering mushroom
 15579 | D        | Killed a neqoxec
 15583 | D        | Killed a chaos spawn
 15589 | D        | Killed a sky beast
 15590 | D        | Killed a small abomination
 15605 | D        | Killed a raiju
 15613 | D        | Got an abyssal rune of Zot
 15737 | D        | Noticed Geryon
 15751 | D        | Killed Geryon
 15753 | D        | Noticed Ereshkigal
 15753 | D        | Noticed Gloorx Vloq
 15754 | D        | Noticed Antaeus
 15758 | D        | Noticed Dispater
 15827 | D        | Killed Antaeus
 15827 | D        | Reached skill level 27 in Evocations
 15829 | D        | Killed Gloorx Vloq
 15829 | D        | Reached XP level 23. HP: 82/175 MP: 33/40
 15864 | D        | Killed Ereshkigal
 15882 | D        | Killed Dispater
 15882 | D        | Reached skill level 15 in Spellcasting
 15908 | D        | Got a dark rune of Zot
 15912 | D        | Got a bone rune of Zot
 15914 | D        | Noticed Lom Lobon
 15917 | D        | Noticed Cerebov
 15931 | D        | Killed from afar by Lom Lobon

Vault maps used:
D:        linesprint

Action                   |  1- 3 |  4- 6 |  7- 9 | 10-12 | 13-15 | 16-18 | 19-21 | 22-24 || total
-------------------------+-------+-------+-------+-------+-------+-------+-------+-------++-------
Melee: Flail             |    56 |    39 |       |       |       |       |       |       ||    95
       Morningstar       |       |    18 |   105 |   367 |   465 |   204 |       |       ||  1159
       Mace              |       |       |       |       |   520 |       |       |       ||   520
       Eveningstar       |       |       |       |       |       |   650 |   600 |   247 ||  1497
Throw: Javelin           |       |       |       |       |       |       |    77 |    15 ||    92
Invok: Heroism           |       |       |     3 |     8 |    11 |    11 |     2 |       ||    35
       Finesse           |       |       |       |     8 |    10 |     9 |     2 |       ||    29
       Divine Shield     |       |       |       |       |       |       |     5 |    10 ||    15
       Cleansing Flame   |       |       |       |       |       |       |     1 |    28 ||    29
       Summon Divine War |       |       |       |       |       |       |       |     2 ||     2
 Abil: Spit Poison       |       |     1 |       |       |       |     1 |       |       ||     2
       Blink             |       |       |       |       |       |       |     1 |       ||     1
Evoke: Wand              |       |       |       |       |     1 |       |     1 |       ||     2
  Use: Scroll            |       |       |     4 |     2 |     8 |     1 |     2 |       ||    17
       Potion            |       |       |       |     2 |     4 |       |     7 |    14 ||    27
 Stab: Confused          |       |       |       |       |     1 |       |       |       ||     1
  Eat: Chunk             |       |     4 |       |     8 |     4 |    23 |     6 |     5 ||    50
       Bread ration      |       |       |       |     1 |     2 |       |     5 |     2 ||    10
       Pizza             |       |       |       |       |       |     1 |       |       ||     1
